PL
ATLANTA SMOKE @ RICHARDSON CITY THUNDERCATS
09/21/2023
 
TOP OF THE 1ST
Atlanta Smoke batting - Pitching for Richardson City Thundercats : RHP Eduardo Díaz
Pitching: RHP Eduardo Díaz
Batting: LHB Bernardo Elías 0-0: Foul Ball, location: 2F
0-1: Ball
1-1: SINGLE (Groundball, 34D)
Batting: RHB Cale Sutton 0-0: Called Strike
0-1: Ball
1-1: Fly out, F7 (Flyball, 7LM)
Batting: LHB Albert Morán 0-0: Ball
1-0: Ball
2-0: Ball
3-0: Called Strike
3-1: 2-RUN HOME RUN (Flyball, 9D), Distance : 368 ft
Batting: LHB Carl Gore 0-0: Ball
1-0: Ball
2-0: Ball
3-0: Called Strike
3-1: Ground out 6-3 (Groundball, 6M)
Batting: RHB Iván Pérez 0-0: Ball
1-0: Called Strike
1-1: Ball
2-1: Foul Ball, location: 2F
2-2: Strikes out swinging
Top of the 1st over - 2 run(s), 2 hit(s), 0 error(s), 0 left on base; Atlanta 2 - Richardson City 0
BOTTOM OF THE 1ST
Richardson City Thundercats batting - Pitching for Atlanta Smoke : RHP Adrián Fierro
Pitching: RHP Adrián Fierro
Batting: RHB Chriss Mann 0-0: Ball
1-0: Ground out 6-3 (Groundball, 6M)
Batting: RHB Joey Jones 0-0: Ball
1-0: Called Strike
1-1: Called Strike
1-2: SINGLE (Groundball, 4MD)
Batting: SHB Seishiro Nishimura 0-0: Ball
1-0: Fly out, F7 (Flyball, 7M)
Batting: LHB Terrence Eler 0-0: Called Strike
0-1: Called Strike
0-2: Strikes out swinging
Bottom of the 1st over - 0 run(s), 1 hit(s), 0 error(s), 1 left on base; Atlanta 2 - Richardson City 0
TOP OF THE 2ND
Atlanta Smoke batting - Pitching for Richardson City Thundercats : RHP Eduardo Díaz
Batting: RHB Chris Teague 0-0: Ball
1-0: Foul Ball, location: 2F
1-1: SOLO HOME RUN (Flyball, 7LD), Distance : 344 ft
Batting: RHB Anthony Johnston 0-0: Ball
1-0: Fly out, F8 (Flyball, 8RM)
Batting: RHB Bartolo Morales 0-0: Ball
1-0: Ball
2-0: Ball
3-0: Called Strike
3-1: Swinging Strike
3-2: Foul Ball, location: 2F
3-2: Strikes out swinging
Batting: RHB Joe Runyon 0-0: Ball
1-0: Ground out 6-3 (Groundball, 6)
Top of the 2nd over - 1 run(s), 1 hit(s), 0 error(s), 0 left on base; Atlanta 3 - Richardson City 0
BOTTOM OF THE 2ND
Richardson City Thundercats batting - Pitching for Atlanta Smoke : RHP Adrián Fierro
Batting: LHB Fernando Ramírez 0-0: Ball
1-0: Foul Ball, location: 2F
1-1: Swinging Strike
1-2: Strikes out swinging
Batting: SHB Leonard O'Connor 0-0: Called Strike
0-1: Foul Ball, location: 2F
0-2: Foul Ball, location: 2F
0-2: Ball
1-2: Foul Ball, location: 2F
1-2: Ball
2-2: Foul Ball, location: 2F
2-2: Foul Ball, location: 2F
2-2: Ball
3-2: Ground out 5-3 (Groundball, 5S)
Batting: RHB Nate Cates 0-0: Ball
1-0: SOLO HOME RUN (Flyball, 8LXD), Distance : 431 ft
Batting: RHB Juan Cabrera 0-0: Ball
1-0: Ball
2-0: Called Strike
2-1: Foul Ball, location: 2F
2-2: Strikes out swinging
Bottom of the 2nd over - 1 run(s), 1 hit(s), 0 error(s), 0 left on base; Atlanta 3 - Richardson City 1
TOP OF THE 3RD
Atlanta Smoke batting - Pitching for Richardson City Thundercats : RHP Eduardo Díaz
Batting: LHB Bernardo Elías 0-0: Called Strike
0-1: Called Strike
0-2: Ball
1-2: Strikes out swinging
Batting: RHB Cale Sutton 0-0: Foul Ball, location: 2F
0-1: Ball
1-1: SINGLE (Groundball, 34D)
Batting: LHB Albert Morán 0-0: Ball
1-0: Fielders Choice at 2nd, 4-6 (Groundball, 34)
Batting: LHB Carl Gore 0-0: Ball
1-0: Ball
2-0: SINGLE (Groundball, 4MD) (infield hit)
Albert Morán to second
Batting: RHB Iván Pérez 0-0: Called Strike
0-1: Foul Ball, location: 2F
0-2: Ball
1-2: Foul Ball, location: 2F
1-2: Foul Ball, location: 2F
1-2: Fly out, F6 (Line Drive, 56D)
Top of the 3rd over - 0 run(s), 2 hit(s), 0 error(s), 2 left on base; Atlanta 3 - Richardson City 1
BOTTOM OF THE 3RD
Richardson City Thundercats batting - Pitching for Atlanta Smoke : RHP Adrián Fierro
Batting: RHB Alden Wiley 0-0: Called Strike
0-1: Ball
1-1: Ball
2-1: Ball
3-1: Swinging Strike
3-2: Strikes out looking
Batting: RHB Chriss Mann 0-0: Foul Ball, location: 2F
0-1: Ground out 1-3 (Groundball, 15)
Batting: RHB Joey Jones 0-0: Called Strike
0-1: SINGLE (Line Drive, 89S)
Batting: SHB Seishiro Nishimura 0-0: Ball
1-0: Called Strike
1-1: Called Strike
1-2: Ball
2-2: Fly out, F7 (Popup, 78S)
Bottom of the 3rd over - 0 run(s), 1 hit(s), 0 error(s), 1 left on base; Atlanta 3 - Richardson City 1
TOP OF THE 4TH
Atlanta Smoke batting - Pitching for Richardson City Thundercats : RHP Eduardo Díaz
Now at SS: Andrew Weeks
Batting: RHB Chris Teague 0-0: Ball
1-0: Ball
2-0: Swinging Strike
2-1: Fly out, F9 (Flyball, 9S)
Batting: RHB Anthony Johnston 0-0: Ball
1-0: Called Strike
1-1: Ground out 3-1 (Groundball, 23)
Batting: RHB Bartolo Morales 0-0: Ball
1-0: Ball
2-0: Called Strike
2-1: Reached on error, E6 (Groundball, 6)
Batting: RHB Joe Runyon 0-0: Ball
1-0: Ball
2-0: DOUBLE (Line Drive, 5D)
Bartolo Morales to third
Batting: LHB Bernardo Elías 0-0: Called Strike
0-1: SINGLE (Groundball, 34D)
Bartolo Morales scores
Joe Runyon to third
Runner from 3rd tries for Home, SAFE, no throw or cutoff
Pitching: RHP Gabriel Rodríguez
Batting: RHB Cale Sutton 0-0: Called Strike
0-1: Ball
1-1: Ball
2-1: Foul Ball, location: 2F
2-2: Strikes out swinging
Top of the 4th over - 2 run(s), 2 hit(s), 1 error(s), 1 left on base; Atlanta 5 - Richardson City 1
BOTTOM OF THE 4TH
Richardson City Thundercats batting - Pitching for Atlanta Smoke : RHP Adrián Fierro
Batting: LHB Terrence Eler 0-0: Ground out U3 (Groundball, 3)
Batting: LHB Fernando Ramírez 0-0: Swinging Strike
0-1: Called Strike
0-2: Strikes out swinging
Batting: SHB Leonard O'Connor 0-0: Ground out 4-3 (Groundball, 4)
Bottom of the 4th over - 0 run(s), 0 hit(s), 0 error(s), 0 left on base; Atlanta 5 - Richardson City 1
TOP OF THE 5TH
Atlanta Smoke batting - Pitching for Richardson City Thundercats : RHP Gabriel Rodríguez
Batting: LHB Albert Morán 0-0: Ball
1-0: Ball
2-0: Ball
3-0: Called Strike
3-1: Called Strike
3-2: Base on Balls
Batting: LHB Carl Gore 0-0: Ball
Albert Morán steals 2nd base
1-0: Ball
2-0: Called Strike
2-1: Fly out, F8 (Flyball, 89M)
Batting: RHB Iván Pérez 0-0: Called Strike
0-1: Called Strike
0-2: Ball
1-2: Strikes out swinging
Batting: RHB Chris Teague 0-0: Called Strike
0-1: Foul Ball, location: 2F
0-2: Ball
1-2: SINGLE (Line Drive, 6M)
Albert Morán to third
Runner from 3rd tries for Home, SAFE, no throw or cutoff
Batting: RHB Anthony Johnston 0-0: Called Strike
0-1: SINGLE (Groundball, 6MD)
Chris Teague to second
Runner from 2nd tries for 3rd, SAFE, throw made to third
Batting: RHB Bartolo Morales 0-0: Called Strike
0-1: Ball
1-1: Ground out 6-3 (Groundball, 56)
Top of the 5th over - 1 run(s), 2 hit(s), 0 error(s), 2 left on base; Atlanta 6 - Richardson City 1
BOTTOM OF THE 5TH
Richardson City Thundercats batting - Pitching for Atlanta Smoke : RHP Adrián Fierro
Batting: RHB Nate Cates 0-0: Ball
1-0: Reached on error, E6 (Groundball, 6MS)
Batting: RHB Andrew Weeks 0-0: Grounds into double play, 5-4-3 (Groundball, 56)
Batting: RHB Alden Wiley 0-0: SINGLE (Groundball, 56D)
Batting: RHB Chriss Mann 0-0: Called Strike
0-1: Foul Ball, location: 2F
0-2: Ball
1-2: Ball
2-2: Fielders Choice at 2nd, U6 (Groundball, 6M)
Bottom of the 5th over - 0 run(s), 1 hit(s), 1 error(s), 1 left on base; Atlanta 6 - Richardson City 1
TOP OF THE 6TH
Atlanta Smoke batting - Pitching for Richardson City Thundercats : RHP Gabriel Rodríguez
Batting: RHB Joe Runyon 0-0: Ground out 5-3 (Groundball, 5)
Batting: LHB Bernardo Elías 0-0: SINGLE (Line Drive, 6MD)
Batting: RHB Cale Sutton 0-0: Ball
1-0: Ball
2-0: Ball
3-0: Called Strike
3-1: SINGLE (Flyball, 89S)
Bernardo Elías to second
Runner from 2nd tries for 3rd, SAFE, no throw or cutoff
Batting: LHB Albert Morán 0-0: Ball
1-0: Called Strike
1-1: Ball
2-1: SINGLE (Groundball, 56S) (infield hit)
Bernardo Elías scores
Cale Sutton to second
Pitching: RHP Emílio Zaragoza
Batting: LHB Carl Gore 0-0: Foul Ball, location: 2F
0-1: Ball
1-1: Swinging Strike
1-2: Ball
2-2: Ball
3-2: Strikes out looking
Batting: RHB Iván Pérez 0-0: Ball
1-0: Ball
2-0: Called Strike
2-1: Foul Ball, location: 2F
2-2: Foul Ball, location: 2F
2-2: Fly out, F7 (Flyball, 78D)
Top of the 6th over - 1 run(s), 3 hit(s), 0 error(s), 2 left on base; Atlanta 7 - Richardson City 1
BOTTOM OF THE 6TH
Richardson City Thundercats batting - Pitching for Atlanta Smoke : RHP Adrián Fierro
Batting: RHB Joey Jones 0-0: Called Strike
0-1: Foul Ball, location: 2F
0-2: Ball
1-2: Ball
2-2: Strikes out swinging
Batting: SHB Seishiro Nishimura 0-0: Called Strike
0-1: Ball
1-1: Fly out, F5 (Popup, 5F)
Batting: LHB Terrence Eler 0-0: Called Strike
0-1: Ball
1-1: Called Strike
1-2: Ground out U3 (Groundball, 3L)
Bottom of the 6th over - 0 run(s), 0 hit(s), 0 error(s), 0 left on base; Atlanta 7 - Richardson City 1
TOP OF THE 7TH
Atlanta Smoke batting - Pitching for Richardson City Thundercats : RHP Emílio Zaragoza
Batting: RHB Chris Teague 0-0: Called Strike
0-1: Ball
1-1: Ground out 6-3 (Groundball, 6)
Batting: RHB Anthony Johnston 0-0: Called Strike
0-1: Foul Ball, location: 2F
0-2: Strikes out swinging
Batting: RHB Bartolo Morales 0-0: Fly out, F2 (Popup, 2LF)
Top of the 7th over - 0 run(s), 0 hit(s), 0 error(s), 0 left on base; Atlanta 7 - Richardson City 1
BOTTOM OF THE 7TH
Richardson City Thundercats batting - Pitching for Atlanta Smoke : RHP Adrián Fierro
Batting: LHB Fernando Ramírez 0-0: Ball
1-0: Foul Ball, location: 2F
1-1: Ball
2-1: Ball
3-1: Swinging Strike
3-2: Foul Ball, location: 2F
3-2: Fly out, F2 (Popup, 25F)
Batting: SHB Leonard O'Connor 0-0: Called Strike
0-1: Called Strike
0-2: Ball
1-2: SINGLE (Line Drive, 6D)
Batting: RHB Nate Cates 0-0: Ball
1-0: Fielders Choice at 2nd, 2-6 (Groundball, 2R)
Batting: RHB Andrew Weeks 0-0: Ball
1-0: Fly out, F3 (Popup, 3SF)
Bottom of the 7th over - 0 run(s), 1 hit(s), 0 error(s), 1 left on base; Atlanta 7 - Richardson City 1
TOP OF THE 8TH
Atlanta Smoke batting - Pitching for Richardson City Thundercats : RHP Emílio Zaragoza
Batting: RHB Joe Runyon 0-0: Ball
1-0: SINGLE (Groundball, 4MD)
Batting: LHB Bernardo Elías 0-0: Called Strike
Joe Runyon steals 2nd base
0-1: Called Strike
0-2: Ball
1-2: Ball
2-2: Ground out 1-3 (Groundball, 13)
Joe Runyon to third
Batting: RHB Cale Sutton 0-0: Ball
1-0: Ball
2-0: Ball
3-0: Called Strike
3-1: Ground out U3 (Groundball, 3S)
Batting: LHB Albert Morán 0-0: Ball
1-0: Called Strike
1-1: Ball
2-1: Ball
3-1: Foul Ball, location: 2F
3-2: Base on Balls
Batting: LHB Carl Gore 0-0: Ball
Wild Pitch!
Joe Runyon scores
Albert Morán to second
1-0: Hit by Pitch
Batting: RHB Iván Pérez 0-0: Ball
1-0: Ball
2-0: Swinging Strike
2-1: DOUBLE (Flyball, 9D)
Albert Morán scores
Carl Gore to third
Pinch Runner at 2nd Jeremy Christensen:
Batting: RHB Chris Teague 0-0: Swinging Strike
Passed Ball!
Carl Gore scores
Jeremy Christensen to third
0-1: Foul Ball, location: 2F
0-2: Strikes out looking
Top of the 8th over - 3 run(s), 2 hit(s), 0 error(s), 1 left on base; Atlanta 10 - Richardson City 1
BOTTOM OF THE 8TH
Richardson City Thundercats batting - Pitching for Atlanta Smoke : RHP Adrián Fierro
Now at C: Jeremy Christensen
Batting: RHB Alden Wiley 0-0: Ball
1-0: Ball
2-0: DOUBLE (Line Drive, 5D)
Batting: RHB Chriss Mann 0-0: Called Strike
0-1: Foul Ball, location: 2F
0-2: Foul Ball, location: 2F
0-2: Foul Ball, location: 2F
0-2: Ball
1-2: Foul Ball, location: 2F
1-2: Ball
2-2: Foul Ball, location: 2F
2-2: Ground out 5-3 (Groundball, 56)
Batting: RHB Joey Jones 0-0: Ball
1-0: SINGLE (Line Drive, 8RS)
Alden Wiley to third
Batting: SHB Seishiro Nishimura 0-0: Ball
1-0: Ball
2-0: Fly out, F8 (Flyball, 78D)
Runner from 3rd tags up, SCORES, no throw
Batting: LHB Terrence Eler 0-0: Ball
1-0: SINGLE (Line Drive, 6MD)
Joey Jones to second
Pitching: RHP Iván García
Batting: LHB Fernando Ramírez 0-0: Ball
1-0: Called Strike
1-1: Ball
2-1: Called Strike
2-2: Strikes out swinging
Bottom of the 8th over - 1 run(s), 3 hit(s), 0 error(s), 2 left on base; Atlanta 10 - Richardson City 2
TOP OF THE 9TH
Atlanta Smoke batting - Pitching for Richardson City Thundercats : RHP Emílio Zaragoza
Pitching: RHP Juan Cruz
Batting: RHB Anthony Johnston 0-0: Ball
1-0: Fly out, F9 (Flyball, 9M)
Pinch Hitting: LHB Armando Esparza 0-0: Ground out 4-3 (Groundball, 34)
Batting: RHB Joe Runyon 0-0: Foul Ball, location: 2F
0-1: Ball
1-1: Ball
2-1: Foul Ball, location: 2F
2-2: Ball
3-2: Base on Balls
Batting: LHB Bernardo Elías 0-0: Called Strike
Passed Ball!
Joe Runyon to second
0-1: Foul Ball, location: 2F
0-2: Ball
1-2: Ball
2-2: Fly out, F7 (Flyball, 78M)
Top of the 9th over - 0 run(s), 0 hit(s), 0 error(s), 1 left on base; Atlanta 10 - Richardson City 2
BOTTOM OF THE 9TH
Richardson City Thundercats batting - Pitching for Atlanta Smoke : RHP Iván García
Now at 3B: Ricardo Miranda
Batting: SHB Leonard O'Connor 0-0: Ball
1-0: Swinging Strike
1-1: Ball
2-1: Called Strike
2-2: Foul Ball, location: 2F
2-2: Foul Ball, location: 2F
2-2: Ball
3-2: Base on Balls
Batting: RHB Nate Cates 0-0: Called Strike
0-1: Foul Ball, location: 2F
0-2: Strikes out swinging
Batting: RHB Andrew Weeks 0-0: Ball
1-0: Ball
2-0: Fly out, F7 (Flyball, 78D)
Batting: RHB Alden Wiley 0-0: Foul Ball, location: 2F
0-1: Fly out, F8 (Flyball, 8LS)
Bottom of the 9th over - 0 run(s), 0 hit(s), 0 error(s), 1 left on base; Atlanta 10 - Richardson City 2
This league is powered by Out of the Park Baseball, the baseball management simulation game for PC, Mac and Linux
Friday, July 8th, 2016 - OOTP Baseball 16.9 Build 39